 Dungeon Crawl Stone Soup version 0.26-a0-663-g36e8fdb655 (webtiles) character file.

Game seed: 1029982513273696103

2 Grim the Stinger (level 1, -1/15 HPs)
             Began as a Naga Venom Mage on Oct 11, 2020.
             Slain by a kobold (2 damage)
             ... on level 1 of the Dungeon.
             The game lasted 00:00:32 (82 turns).

Grim the Stinger (Naga Venom Mage)                    Turns: 82, Time: 00:00:33

Health: -1/15      AC:  1    Str: 10    XL:     1   Next: 40%
Magic:  0/3        EV: 10    Int: 15    God:
Gold:   0          SH:  0    Dex: 11    Spells: 3/4 levels left

rFire    . . .     SeeInvis +   (no weapon)
rCold    . . .     Faith    .   (no shield)
rNeg     . . .     Spirit   .   a - +0 robe
rPois    +         Reflect  .   (no helmet)
rElec    .         Harm     .   (no cloak)
rCorr    .         Rampage  .   (no gloves)
MR       .....                  (no barding)
Stlth    ++........             (no amulet)
HPRegen  0.05/turn              (no ring)
MPRegen  0.08/turn              (no ring)

@: short of breath, very slow
A: large, see invisible, deformed body, poison resistance, slowness 2, spit
poison 1, AC +0
a: Spit Poison


You were on level 1 of the Dungeon.
You visited 1 branch of the dungeon, and saw 1 of its levels.

Inventory:

Armour
 a - a +0 robe (worn)
Scrolls
 b - 2 scrolls of teleportation {unknown}
Potions
 c - a potion of mutation {unknown}


   Skills:
 - Level 1.5 Dodging
 - Level 3.0 Stealth
 - Level 2.0 Spellcasting
 + Level 1.1 Transmutations
 * Level 4.2 Poison Magic


You had 3 spell levels left.
You knew the following spells:

 Your Spells              Type           Power        Failure   Level
a - Sting                 Tmut/Pois      #...         8%          1

Your spell library contained the following spells:

 Spells                   Type           Power        Failure   Level
 Poisonous Vapours        Pois/Air       #.....       14%         2
 Ignite Poison            Fire/Tmut/Pois #.......     32%         3
 Mephitic Cloud           Conj/Pois/Air  #.......     36%         3
 Olgreb's Toxic Radiance  Pois           ##......     36%         4


Dungeon Overview and Level Annotations

Branches:
Dungeon (1/15)

Altars:


Innate Abilities, Weirdness & Mutations

You cannot wear boots.
Your serpentine skin is tough. (AC +0)
You have supernaturally acute eyesight. (SInv)
Armour fits poorly on your strangely shaped body.
Your system is resistant to poisons. (rPois)
You cover ground very slowly.
You can spit poison.


Message History

Press: ? - help, Shift-Dir - straight line, f - ooze
Aim: an ooze The sting hits the ooze but does no damage.
The ooze is poisoned.
The ooze hits you.
* * * LOW HITPOINT WARNING * * *
The kobold throws a stone.
The stone hits you but does no damage.
Press: ? - help, Shift-Dir - straight line, f/p - ooze
Aim: an ooze (poisoned)
The splash of poison hits the ooze.
The ooze completely resists.
The ooze barely misses you.
The kobold throws a stone.
The stone hits you but does no damage.
You hit the ooze but do no damage.
The ooze is lightly wounded.
The ooze hits you.
* * * LOW HITPOINT WARNING * * *
Your magical contamination has completely faded away.
You hit the ooze but do no damage.
The ooze is moderately wounded.
The kobold hits you.
You die...

#.......#.....#
#.......#.....#
#.......#.....#
#.............. .
#............... ...
#.............^.
.....###)............
.....................
#########.....@##..### .
.............JK##..#
.########............####.
.................!(....K.>
.....................####.
###..###.............#
...#..##.............#
....#..#...........#.#
<....#.............#.#


You could see an ooze (poisoned) and a kobold.

Vanquished Creatures
  A goblin (D:1)
  A kobold (D:1)
  A rat (D:1)
3 creatures vanquished.

Notes
Turn   | Place    | Note
-------+----------+-------------------------------------------
     0 | D:1      | Grim the Naga Venom Mage began the quest for the Orb.
     0 | D:1      | Reached XP level 1. HP: 15/15 MP: 3/3
    82 | D:1      | Slain by a kobold

Illustrated notes

Levels and vault maps discovered:
D:1:      scummos_arrival_hexagon, layout_basic

Action                   || total
-------------------------++-------
Melee: Unarmed           ||     5
 Cast: Sting             ||     5
 Abil: Spit Poison       ||     1
Dodge: Dodged            ||     6

Table legend: (Time is in decaauts)
 A = Elapsed time spent in this place.
 B = Non-inter-level travel time spent in this place.
 C = Inter-level travel time spent in this place.
 D = Time resting spent in this place.
 E = Time spent auto-exploring this place.
 F = Levels seen in this place.
 G = Mean time per level.
                   A        B        C        D        E       F      G
               +--------+--------+--------+--------+--------+-----+--------+
         Total |     95 |     95 |      0 |     35 |     33 |   1 |   95.0 |
       Dungeon |     95 |     95 |      0 |     35 |     33 |   1 |   95.0 |
               +--------+--------+--------+--------+--------+-----+--------+

Top non-repeatable levels by time:
     D:1: 95 daAuts
